 Dungeon Crawl Stone Soup version 0.17.1-3-g152610e (webtiles) character file.

53 Gargoyl the Skirmisher (level 3, 0/43 HPs)
             Began as a Demonspawn Abyssal Knight on Mar 14, 2016.
             Was a Follower of Lugonu.
             Succumbed to an adder's poison
             ... on level 2 of the Dungeon.
             The game lasted 00:02:21 (1357 turns).

Gargoyl the Skirmisher (Demonspawn Abyssal Knight)  Turns: 1357, Time: 00:02:21

Health: 0/43       AC: 21    Str: 13      XL:     3   Next: 62%
Magic:  14/14      EV:  2    Int: 11 (13) God:    Lugonu [*.....]
Gold:   44         SH:  0    Dex: 12      Spells: 0 memorised, 2 levels left

rFire  . . .     SeeInvis .     a - +1 hand axe
rCold  . . .     Clarity  .     (armour currently unavailable)
rNeg   + + +     SustAt   .     (no shield)
rPois  +         Gourm    .     (helmet currently unavailable)
rElec  .         Spirit   .     (cloak currently unavailable)
rCorr  .         Warding  .     (gloves currently unavailable)
rMut   .         NoTele   +     (boots currently unavailable)
MR     +....                    (no amulet)
Stlth  +.........               k - ring of protection from magic
                                g - ring of magical power

@: lethally poisoned (0 -> -6), tree-form, somewhat resistant to hostile
enchantments, very unstealthy
A: powered by pain 1
a: Depart the Abyss, Renounce Religion


You were on level 2 of the Dungeon.
You worshipped Lugonu.
Lugonu was aware of your devotion.
You were not hungry.
You were a tree.
You visited 1 branch of the dungeon, and saw 2 of its levels.
You visited the Abyss 1 time.

You collected 44 gold pieces.

Inventory:

Hand Weapons
 a - a +1 hand axe (weapon)
Armour
 b - a +0 leather armour
 l - a +0 ring mail (melded)
 m - a +0 pair of boots (melded)
 q - a +0 helmet (melded)
Jewellery
 g - a ring of magical power (left branch)
 k - a ring of protection from magic (right branch)
Scrolls
 d - a scroll of fear {unknown}
 e - a scroll of magic mapping {unknown}
 f - a scroll of blinking {unknown}
 h - 2 scrolls of identify {unknown}
 n - a scroll of immolation {unknown}
 r - 2 scrolls of remove curse {unknown}
 t - 2 scrolls of enchant weapon {unknown}
Potions
 i - a potion of degeneration
Comestibles
 c - a bread ration
 j - a meat ration
 o - 4 fruits


   Skills:
 + Level 3.4 Fighting
 + Level 2.2 Axes
 + Level 2.3 Armour
 + Level 1.6 Dodging
 + Level 2.8 Invocations


You had 2 spell levels left.
You didn't know any spells.

Dungeon Overview and Level Annotations

Branches:
Dungeon (2/15)

Altars:


Innate Abilities, Weirdness & Mutations

You sometimes gain a little power by taking damage.


Message History

Drink which item? (? for menu, Esc to quit)
It was a potion of degeneration.
There was something very wrong with that liquid.
You feel dopey. The adder bites you but does no damage.
Drink which item? (? for menu, Esc to quit)
It was a potion of lignification.
You turn into a tree.
Your +0 helmet melds into your body.
Your +0 pair of boots melds into your body.
Your +0 ring mail melds into your body.
Your roots penetrate the ground.
* * * LOW HITPOINT WARNING * * *
You feel sick. The adder bites you but does no damage.
Drink which item? (? for menu, Esc to quit)
It was a potion of magic.
Magic courses through your body.
* * * LOW HITPOINT WARNING * * *
You feel sick. The adder bites you but does no damage.
You hit the adder.
You kill the adder!
Lugonu accepts your kill.
You die...

#.##.#...>....
#.##.#........
#.............
##...##.......
#######.#........#.
##.#.#.#.#.#.#.#.##.
#...................
###†#.#.#.#.#.#.#.#..
#...♣........>......#
#.#.#.#.#.#.#.#.#.#..
..................##
#.#.#.#.#.#.#.#.#.#.
.........##.#####...
###.###.#.#.## #...
##. #... . #..


There were no monsters in sight!

Vanquished Creatures
  2 adders (D:2)
  3 giant geckos
  6 giant cockroaches
  4 hobgoblins (D:1)
  2 jackals (D:1)
  3 bats (D:1)
  2 giant newts
  3 goblins
  A kobold (D:1)
  4 rats (D:1)
30 creatures vanquished.

Notes
Turn   | Place    | Note
--------------------------------------------------------------
     0 | Abyss:1  | Gargoyl the Demonspawn Abyssal Knight began the quest for the Orb.
     0 | Abyss:1  | Reached XP level 1. HP: 18/18 MP: 2/2
    45 | Abyss:1  | Noticed a small abomination
    56 | D:1      | Escaped the Abyss
   181 | D:1      | Reached * piety under Lugonu
   329 | D:1      | Gained mutation: You sometimes gain a little power by taking damage. [demonic ancestry]
   329 | D:1      | Reached XP level 2. HP: 22/24 MP: 3/3
   535 | D:1      | Reached skill level 1 in Dodging
   964 | D:2      | Reached XP level 3. HP: 29/29 MP: 5/5
  1355 | D:2      | HP: 2/43 [poisoned by an adder]
  1357 | D:2      | Succumbed to an adder's poison

Action                   || total
-------------------------++-------
Melee: Hand axe          ||   110
Invok: Depart the Abyss  ||     1
  Use: Potion            ||     3
  Eat: Chunk             ||     2
